 Dungeon Crawl Stone Soup version 0.21.1-1-g345015fe64 (webtiles) character file.

3459 Goboxel the Magician (level 10, -9/115 HPs)
             Began as a Gnoll Skald on Apr 15, 2018.
             Was a Follower of the Shining One.
             Mangled by a slime creature (15 damage)
             ... on level 6 of the Dungeon.
             The game lasted 00:23:43 (7289 turns).

Goboxel the Magician (Gnoll Skald)                  Turns: 7289, Time: 00:23:43

Health: -9/115     AC:  9    Str: 18    XL:     10   Next: 6%
Magic:  20/20      EV: 16    Int: 16    God:    the Shining One [*.....]
Gold:   387        SH:  2    Dex: 18    Spells: 12/23 levels left

rFire    . . .     SeeInvis .   C - +1 whip (flame)
rCold    + . .     Gourm    .   (no shield)
rNeg     + . .     Faith    .   b - +0 leather armour
rPois    .         Spirit   .   h - +2 helmet
rElec    .         Reflect  +   (no cloak)
rCorr    .         Harm     .   z - +1 pair of gloves
MR       .....                  (no boots)
Stlth    ..........             p - +2 amulet of reflection
HPRegen  0.29/turn              B - ring of protection from cold
MPRegen  0.17/turn              t - ring of positive energy

@: berserking, glowing, very quick
A: distributed training, fangs 1, strong nose
a: Renounce Religion


You were on level 6 of the Dungeon.
You worshipped the Shining One.
The Shining One was aware of your devotion.
You were full.

You visited 2 branches of the dungeon, and saw 8 of its levels.
You also visited: Sewer.

You collected 387 gold pieces.

Inventory:

Hand Weapons
 j - a +4 whip of venom
 x - a +0 mace of protection
 C - a +1 whip of flaming (weapon)
Armour
 b - a +0 leather armour (worn)
 h - a +2 helmet (worn)
 z - a +1 pair of gloves (worn)
Jewellery
 p - a +2 amulet of reflection (around neck)
 q - an uncursed ring of see invisible
 t - a ring of positive energy (right hand)
 y - an uncursed amulet of the gourmand
 B - a ring of protection from cold (left hand)
Wands
 l - a wand of disintegration (4)
 F - a wand of iceblast (9)
 G - a wand of scattershot (4)
Scrolls
 a - a scroll of vulnerability {unknown}
 g - 2 scrolls of remove curse
 i - 2 scrolls of teleportation
 k - a scroll of immolation
 n - 6 scrolls of identify
 v - 2 scrolls of magic mapping
Potions
 e - 2 potions of brilliance
 f - a potion of degeneration {unknown}
 m - 2 potions of lignification
 o - a potion of haste
 r - 2 potions of agility
 u - a potion of heal wounds
 w - 2 potions of resistance
 A - a potion of might {unknown}
 H - 2 potions of flight {unknown}
 I - 2 potions of magic {unknown}
 J - a potion of invisibility {unknown}
Books
 c - a book of Battle

   Spells                             Type                      Level
   a - Infusion                       Charms                       1
   b - Shroud of Golubria             Charms/Translocation         2
   c - Song of Slaying                Charms                       2
   d - Spectral Weapon                Hexes/Charms                 3
   e - Regeneration                   Charms/Necromancy            3
 s - a book of Maledictions

   Spells                             Type                      Level
   a - Corona                         Hexes                        1
   b - Ensorcelled Hibernation        Hexes/Ice                    2
   c - Confuse                        Hexes                        3
   d - Tukima's Dance                 Hexes                        3
   e - Dazzling Spray                 Conjuration/Hexes            3
Comestibles
 d - 16 rations
 D - 7 chunks of flesh


   Skills:
 + Level 6.7 Fighting
 + Level 4.8 Short Blades
 + Level 6.7 Long Blades
 + Level 4.8 Axes
 + Level 4.8 Maces & Flails
 + Level 4.8 Polearms
 + Level 4.8 Staves
 + Level 4.8 Slings
 + Level 4.8 Bows
 + Level 4.8 Crossbows
 + Level 4.8 Throwing
 + Level 5.5 Armour
 + Level 6.7 Dodging
 + Level 4.8 Stealth
 + Level 4.8 Shields
 + Level 4.8 Unarmed Combat
 + Level 7.0 Spellcasting
 + Level 4.0 Conjurations
 + Level 4.0 Hexes
 + Level 6.8 Charms
 + Level 4.0 Summonings
 + Level 4.0 Necromancy
 + Level 4.0 Translocations
 + Level 4.0 Transmutations
 + Level 4.0 Fire Magic
 + Level 4.0 Ice Magic
 + Level 4.0 Air Magic
 + Level 4.0 Earth Magic
 + Level 4.0 Poison Magic
 + Level 5.3 Invocations
 + Level 4.8 Evocations


You had 12 spell levels left.
You knew the following spells:

 Your Spells              Type           Power        Failure   Level  Hunger
a - Infusion              Chrm           ####         1%          1    None
b - Song of Slaying       Chrm           ####....     1%          2    None
c - Shroud of Golubria    Chrm/Tloc      ###.......   2%          2    None
d - Regeneration          Chrm/Necr      ###.......   4%          3    ##.....
e - Spectral Weapon       Hex/Chrm       ###.....     4%          3    ##.....


Dungeon Overview and Level Annotations

Branches:
Dungeon (7/15)             Temple (1/1) D:5

Altars:
Ashenzari
Cheibriados
Dithmenos
Fedhas
Gozag
Hepliaklqana
Kikubaaqudgha
Makhleb
Nemelex Xobeh
Okawaru
Qazlal
Ru
Sif Muna
Trog
Uskayaw
Vehumet
Wu Jian
Xom
Yredelemnul
The Shining One


Innate Abilities, Weirdness & Mutations

Your experience applies equally to all skills.
You have very sharp teeth.
Your uncanny sense of smell can sniff out nearby items.


Message History

Casting: Spectral Weapon
Confirm with . or Enter, or press ? or * to list all spells.
Space distorts slightly along a thin shroud covering your body.
Your shroud bends the slime creature's attack away!
You hit the slime creature. You burn the slime creature.
Your bite misses the slime creature.
The slime creature is lightly wounded.
The slime creature misses you.
You hit the slime creature. You burn the slime creature.
The slime creature is lightly wounded.
The slime creature hits you.
* * * LOW HITPOINT WARNING * * *
A red film seems to cover your vision as you go berserk!
You feel yourself moving faster!
You feel mighty! The slime creature hits you!
* * * LOW HITPOINT WARNING * * *
Your shroud falls apart!
You whack the slime creature! You burn the slime creature.
The slime creature is moderately wounded.
The slime creature hits you!
You die...

####### #.# #....# # ##.#
#..#.# # #..# #..#.# # ###.##
##...# ###### #...# #...##
.....###.### #....# ####..##.#
#..#.# .####....##########
#..#.###
......#........J@.####..#...##
#####...#########.>......##..#
# ###...# #####........# #
#.....# ##..#.###### ###.....#
#..##># ..#.....# #####.##..#
#.......## #........##
###......# #........# #....#.#
#........#


You could see a slime creature.

Vanquished Creatures
  Pikel (D:7)
  The ghost of martbhell the Skirmisher, a novice MiBe of Trog (D:4)
  The ghost of Goboxel the Charmwright, a novice GnSk of Okawaru (D:5)
  Grinder (D:5)
  Edmund (D:6)
  The ghost of Froggeryz the Ruffian, an amateur GrMo (D:3)
  A slave (D:7)
  2 ice beasts (D:4)
  A phantom (D:7)
  An ogre (D:4)
  A centaur (D:7)
  A crocodile (Sewer)
  3 bullfrogs (D:6)
  Blork the orc (D:5)
  4 scorpions
  A howler monkey (D:5)
  2 bullfrog zombies
  A crimson imp (D:5)
  3 hounds
  3 orc priests
  A centaur skeleton (D:4)
  2 iguanas (D:4)
  7 orc wizards
  3 worker ants
  9 adders
  4 gnolls
  2 shadow imps
  An adder skeleton (D:7)
  An adder zombie (D:7)
  2 worms
  5 dart slugs
  4 leopard geckos
  33 orcs
  16 bats
  4 giant cockroaches
  9 goblins
  12 hobgoblins
  16 jackals
  7 kobolds
  A quokka (D:2)
  8 frilled lizards
  A leopard gecko skeleton (D:6)
  A leopard gecko zombie (D:5)
  12 rats
192 creatures vanquished.

Vanquished Creatures (others)
  An orc (D:7)
  A spectral weapon (D:7)
2 creatures vanquished.

Grand Total: 194 creatures vanquished

Notes
Turn   | Place    | Note
-------+----------+-------------------------------------------
     0 | D:1      | Goboxel the Gnoll Skald began the quest for the Orb.
     0 | D:1      | Reached XP level 1. HP: 20/20 MP: 6/6
     1 | D:1      | Noticed an electric eel
    47 | D:1      | Reached XP level 2. HP: 23/26 MP: 3/7
   261 | D:1      | Reached XP level 3. HP: 27/31 MP: 9/9
   271 | D:1      | Reached skill level 5 in Spellcasting
   278 | D:1      | Learned a level 2 spell: Song of Slaying
   281 | D:1      | Learned a level 2 spell: Shroud of Golubria
   652 | D:1      | Reached skill level 1 in Invocations
   853 | D:2      | Reached skill level 1 in Short Blades
   853 | D:2      | Reached skill level 1 in Axes
   853 | D:2      | Reached skill level 1 in Maces & Flails
   853 | D:2      | Reached skill level 1 in Polearms
   853 | D:2      | Reached skill level 1 in Staves
   853 | D:2      | Reached skill level 1 in Slings
   853 | D:2      | Reached skill level 1 in Bows
   853 | D:2      | Reached skill level 1 in Crossbows
   853 | D:2      | Reached skill level 1 in Throwing
   853 | D:2      | Reached skill level 1 in Stealth
   853 | D:2      | Reached skill level 1 in Shields
   853 | D:2      | Reached skill level 1 in Unarmed Combat
   853 | D:2      | Reached skill level 1 in Evocations
   853 | D:2      | Reached XP level 4. HP: 17/38 MP: 11/11
   871 | D:2      | HP: 1/38 [poisoned by a gnoll]
   979 | D:2      | Found a radiant altar of Vehumet.
  1277 | D:2      | Reached skill level 1 in Conjurations
  1277 | D:2      | Reached skill level 1 in Hexes
  1277 | D:2      | Reached skill level 1 in Summonings
  1277 | D:2      | Reached skill level 1 in Necromancy
  1277 | D:2      | Reached skill level 1 in Translocations
  1277 | D:2      | Reached skill level 1 in Transmutations
  1277 | D:2      | Reached skill level 1 in Fire Magic
  1277 | D:2      | Reached skill level 1 in Ice Magic
  1277 | D:2      | Reached skill level 1 in Air Magic
  1277 | D:2      | Reached skill level 1 in Earth Magic
  1277 | D:2      | Reached skill level 1 in Poison Magic
  1618 | D:3      | Noticed Froggeryz's ghost (amateur GrMo)
  1971 | D:3      | Reached XP level 5. HP: 34/43 MP: 12/12
  2593 | D:3      | Found a bloodstained altar of Trog.
  2730 | D:3      | Learned a level 3 spell: Regeneration
  2892 | D:3      | Killed Froggeryz's ghost
  2892 | D:3      | Reached XP level 6. HP: 32/50 MP: 10/14
  2993 | D:4      | Noticed martbhell's ghost (novice MiBe)
  3084 | D:4      | Noticed an ice beast
  3088 | D:4      | Reached skill level 5 in Fighting
  3088 | D:4      | Reached skill level 5 in Long Blades
  3088 | D:4      | Reached skill level 5 in Dodging
  3102 | D:4      | Killed an ice beast
  3106 | D:4      | Reached XP level 7. HP: 12/56 MP: 6/15
  3256 | D:4      | Found an iron altar of Okawaru.
  3336 | D:4      | Found an ancient bone altar of Kikubaaqudgha.
  3388 | D:4      | Found a glowing drain.
  3433 | Sewer    | Entered a sewer
  3970 | D:4      | Killed martbhell's ghost
  3970 | D:4      | Reached skill level 6 in Spellcasting
  3970 | D:4      | Reached XP level 8. HP: 18/63 MP: 12/17
  4350 | D:4      | Found a basalt altar of Yredelemnul.
  4603 | D:5      | Entered Level 5 of the Dungeon
  4878 | D:5      | Noticed Goboxel's ghost (novice GnSk)
  5197 | D:5      | Found a staircase to the Ecumenical Temple.
  5197 | D:5      | Noticed Blork the orc
  5201 | Temple   | Entered the Ecumenical Temple
  5455 | Temple   | Became a worshipper of the Shining One
  5497 | D:5      | Killed Blork the orc
  5507 | D:5      | Noticed Grinder
  5619 | D:5      | Killed Goboxel's ghost
  5619 | D:5      | Reached XP level 9. HP: 66/69 MP: 3/18
  5807 | D:5      | Paralysed by Grinder for 6 turns
  5821 | D:5      | Killed Grinder
  6070 | D:6      | Found a blossoming altar of Fedhas.
  6073 | D:6      | Found a stormy altar of Qazlal.
  6097 | D:6      | Noticed Edmund
  6109 | D:6      | Killed Edmund
  6109 | D:6      | Reached skill level 5 in Armour
  6192 | D:6      | Found a hazy altar of Hepliaklqana.
  6280 | D:6      | Found a sacrificial altar of Ru.
  6852 | D:7      | Noticed Pikel
  6866 | D:7      | Killed Pikel
  6866 | D:7      | Reached skill level 5 in Invocations
  6931 | D:7      | Reached * piety under the Shining One
  7045 | D:7      | Reached XP level 10. HP: 69/77 MP: 20/20
  7124 | D:7      | Reached skill level 7 in Spellcasting
  7180 | D:7      | Learned a level 3 spell: Spectral Weapon
  7289 | D:6      | Mangled by a slime creature

Skill      XL: |  1  2  3  4  5  6  7  8  9 10 |
---------------+-------------------------------+-----
Spellcasting   | 5 6 7 |  7.0
Invocations    | 1 2 3 4 5 |  5.3
Short Blades   | 1 2 3 4 |  4.8
Axes           | 1 2 3 4 |  4.8
Maces & Flails | 1 2 3 4 |  4.8
Polearms       | 1 2 3 4 |  4.8
Staves         | 1 2 3 4 |  4.8
Slings         | 1 2 3 4 |  4.8
Bows           | 1 2 3 4 |  4.8
Crossbows      | 1 2 3 4 |  4.8
Throwing       | 1 2 3 4 |  4.8
Stealth        | 1 2 3 4 |  4.8
Shields        | 1 2 3 4 |  4.8
Unarmed Combat | 1 2 3 4 |  4.8
Evocations     | 1 2 3 4 |  4.8
Conjurations   | 1 2 3 4 |  4.0
Hexes          | 1 2 3 4 |  4.0
Summonings     | 1 2 3 4 |  4.0
Necromancy     | 1 2 3 4 |  4.0
Translocations | 1 2 3 4 |  4.0
Transmutations | 1 2 3 4 |  4.0
Fire Magic     | 1 2 3 4 |  4.0
Ice Magic      | 1 2 3 4 |  4.0
Air Magic      | 1 2 3 4 |  4.0
Earth Magic    | 1 2 3 4 |  4.0
Poison Magic   | 1 2 3 4 |  4.0
Armour         | 3 4 5 |  5.5
Fighting       | 5 6 |  6.7
Long Blades    | 5 6 |  6.7
Dodging        | 5 6 |  6.7
Charms         | 6 |  6.8

Action                   |  1- 3 |  4- 6 |  7- 9 | 10-12 || total
-------------------------+-------+-------+-------+-------++-------
Melee: Falchion          |    88 |     8 |       |       ||    96
       Bite              |    10 |     9 |    43 |     4 ||    66
       Whip              |       |   155 |   351 |    30 ||   536
       Punch             |       |     1 |     5 |       ||     6
 Cast: Infusion          |     6 |     7 |    15 |     1 ||    29
       Song of Slaying   |     3 |     7 |    10 |       ||    20
       Shroud of Golubri |       |       |     6 |     1 ||     7
       Regeneration      |       |       |     1 |       ||     1
       Spectral Weapon   |       |       |       |     1 ||     1
  Use: Potion            |       |     4 |     1 |     1 ||     6
       Scroll            |       |     1 |     8 |       ||     9
 Stab: Sleeping          |     2 |     4 |       |       ||     6
  Eat: Chunk             |       |     3 |    25 |       ||    28
       Ration            |       |     1 |       |       ||     1
Armor: Leather armour    |    24 |    40 |   107 |     3 ||   174
       Skin              |       |    11 |       |       ||    11
Dodge: Dodged            |    77 |   100 |   292 |    16 ||   485
Block: Other             |       |     8 |    18 |     5 ||    31
       Rpst.: Falchion   |    20 |     1 |       |       ||    21
